Americans vs Rockets

Created - March 13, 2025 at 21:38

Goals
1 2 3 T
Americans 1 1 3 5
Rockets 1 1 1 3
Shots
1 2 3 T
Americans 6 13 10 29
Rockets 19 12 13 44

1st period

1. Rockets , Patrik Laine 21 (Andrei Svechnikov 47, Robert Thomas 60) at 14:47 (PP)
2. Americans , Adam Brooks 2 (Teemu Pulkkinen 20, Alex Schoenborn 7) at 16:08

Penalties :
Samuel Bolduc (Roc) for Diving (Minor) at 4:33, Arber Xhekaj (Lav) for Tripping (Minor) at 8:38, Michael McCarron (Roc) for Hooking (Minor) at 14:38, Teemu Pulkkinen (Roc) for Cross-checking (Minor) at 18:20

2nd period

3. Americans , Richard Nejezchleb 14 (Teemu Pulkkinen 21, Adam Brooks 3) at 2:59 (PP)
4. Rockets , Alex Newhook 9 (Jake Evans 36, Jacob Bryson 12) at 4:38

Penalties :
Brady Tkachuk (Lav) for High sticking (Minor) at 2:49, Adam Brooks (Roc) for Hooking (Minor) at 8:28

3rd period

5. Americans , Daniel Sprong 9 (Matt Grzelcyk 17, Adam Brooks 4) at 4:14 (PP)
6. Americans , Vladimir Tkachev 15 (Dillon Heatherington 11) at 16:06
7. Rockets , Michael McLeod 34 (Andrei Svechnikov 48, Robert Thomas 61) at 16:14
8. Americans , Maxim Mamin 8 (Adam Brooks 5, Teemu Pulkkinen 22) at 19:23 (Empty Net)

Penalties :
Arber Xhekaj (Lav) for Interference (Minor) at 3:40, Arber Xhekaj (Lav) for Interference (Minor) at 7:13, John Leonard (Roc) for Tripping (Minor) at 12:50, Devon Teows (Roc) for Hooking (Minor) at 17:13, Alex Schoenborn (Roc) for Roughing (Minor) at 19:49

Goalie Stats

Connor Hellebyuk (Roc), 41 saves from 44 shots - (0.932), W, 25-19-3, 60:00 minutes
Marcus Hogberg (Lav), 24 saves from 28 shots - (0.857), L, 18-10-2, 59:23 minutes

Players Stats for Americans

Player Name              G  A  P  +/- PIM S  H  SB GA TA FO     MP     PP MP  PK MP  
------------------------------------------------------------------------------------
Adam Brooks              1  3  4   1  2   3  0  1  0  0  13/27  21:07   2:46   4:23 
Alex Schoenborn          0  1  1   0  2   1  3  1  1  0  1/1    11:33   0:00   0:00 
Daniel Sprong            1  0  1   0  0   3  1  0  0  0  1/1    16:21   1:56   0:00 
Devon Teows              0  0  0  -1  2   1  1  2  2  2  0/0    28:52   2:17   4:35 
Dillon Heatherington     0  1  1   0  0   0  3  1  1  2  0/0    30:21   2:17   5:47 
Jacob Larsson            0  0  0   1  0   0  3  0  1  1  0/0    19:55   2:25   4:32 
John Leonard             0  0  0   0  2   2  1  0  0  0  0/0    11:54   0:00   0:00 
Matt Grzelcyk            0  1  1   1  0   0  1  0  0  1  0/0    19:45   2:25   4:27 
Maxim Mamin              1  0  1   1  0   1  0  0  0  0  0/0     2:59   0:00   1:26 
Michael McCarron         0  0  0   0  2   0  1  1  0  0  2/5    11:38   0:00   0:05 
Nathan Noel              0  0  0   0  0   0  0  0  0  0  1/6     8:31   0:00   2:56 
Richard Nejezchleb       1  0  1   0  0   3  0  0  1  0  1/3    18:55   2:46   2:50 
Ryan Fitzgerald          0  0  0   0  0   1  2  0  0  1  7/15   19:38   1:56   2:50 
Samuel Bolduc            0  0  0   1  2   0  0  1  1  0  0/0    11:16   0:00   1:07 
Spencer Stastney         0  0  0   0  0   1  0  0  0  1  0/0     9:54   0:00   0:00 
Teemu Pulkkinen          0  3  3   1  2   5  5  0  1  0  0/7    24:07   2:46   4:11 
Vladimir Tkachev         1  0  1   0  0   8  2  1  2  0  0/0    18:08   1:56   1:47 
Zachary Senyshyn         0  0  0   0  0   0  0  1  0  0  0/0     4:45   0:00   0:00 

Players Stats for Rockets

Player Name              G  A  P  +/- PIM S  H  SB GA TA FO     MP     PP MP  PK MP  
------------------------------------------------------------------------------------
Alex Newhook             1  0  1   1  0   2  1  0  0  0  0/1    13:46   4:16   0:45 
Alexandre Carrier        0  0  0   0  0   2  2  0  1  1  0/0    29:15   6:00   2:34 
Andrei Svechnikov        0  2  2  -1  0   2  2  0  3  0  1/2    21:37   5:44   0:00 
Arber Xhekaj             0  0  0   0  6   0  1  0  0  0  0/0    15:04   0:00   0:00 
Brady Tkachuk            0  0  0  -2  2   5  1  1  1  0  1/1    24:03   6:00   2:35 
Cole Caufield            0  0  0   1  0   2  2  0  0  1  0/0    12:53   4:16   0:00 
Hunter Drew              0  0  0   0  0   1  0  0  0  1  0/0    10:12   0:00   0:57 
Jacob Bryson             0  1  1  -1  0   2  2  1  1  1  0/0    25:43   4:14   2:34 
Jacob De La Rose         0  0  0  -1  0   2  0  1  0  2  15/28  17:46   0:17   2:51 
Jake Evans               0  1  1   1  0   3  3  0  0  0  3/3    10:14   0:14   1:01 
Jayden Struble           0  0  0   0  0   0  0  0  0  0  0/0     6:12   0:00   1:11 
Jeff Corbett             0  0  0  -1  0   1  1  0  1  2  0/0    21:33   4:14   2:08 
Kirill Marchenko         0  0  0   0  0   0  1  1  0  0  0/0     5:45   0:00   0:00 
Michael McLeod           1  0  1   0  0   9  1  0  0  0  9/17   21:02   4:16   1:06 
Nils Hoglander           0  0  0   0  0   2  0  0  0  0  0/0     5:45   0:00   0:00 
Patrik Laine             1  0  1  -1  0   7  1  0  0  0  0/0    20:13   5:44   0:00 
Robert Thomas            0  2  2  -1  0   3  2  0  1  1  8/10   21:37   5:44   0:00 
Tage Thompson            0  0  0   0  0   1  1  0  0  0  2/3     7:19   0:11   1:06 
Ville Heinola            0  0  0   0  0   0  0  0  0  1  0/0     5:15   0:00   0:00 

3 Stars

1 - Adam Brooks (Roc)
2 - Teemu Pulkkinen (Roc)
3 - Connor Hellebyuk (Roc)

Power Play

Americans - 2 on 4 Attempt(s) - 50.00%
Rockets - 1 on 7 Attempt(s) - 14.29%

Penalty Kill

Americans - 6 on 7 Attempt(s) - 85.71% - Score 0 goal in Penalty Kill
Rockets - 2 on 4 Attempt(s) - 50.00% - Score 0 goal in Penalty Kill

Team Stat

Americans - Hits : 23 - Faceoff Wins : 26 - Blocked Shots : 9 - Penalty Minutes : 14
Rockets - Hits : 21 - Faceoff Wins : 39 - Blocked Shots : 4 - Penalty Minutes : 8

Official

Referees : Mitch Dunning and Corey Syvret
Linesman : Jonny Murray and Julien Fournier

Game Notes

15:37 of 2nd period - Rockets goal is going for a video replay. After video review, No Goal. The attacking player has interfered with a goalkeeper in his goal crease.
Maxim Mamin has scored in a empty net!

Finance

Level 1 -- Attendance: 2000 (100.00%) -- Ticket Income $140,000
Level 2 -- Attendance: 857 (85.70%) -- Ticket Income $34,280
Total Attendance: 2857 (95.23%)
Total Ticket Income: $174,280
Other Income: $8,714
Total Income: $182,994

Americans

5 vs 5 Forward 
   Center                   Left Wing                Right Wing               Time % Phy DF OF 
 1 Adam Brooks              Teemu Pulkkinen          Richard Nejezchleb       40     1   2  2  
 2 Ryan Fitzgerald          Vladimir Tkachev         Daniel Sprong            30     1   2  2  
 3 Michael McCarron         John Leonard             Alex Schoenborn          20     1   2  2  
 4 Nathan Noel              Teemu Pulkkinen          Zachary Senyshyn         10     1   2  2  

5 vs 5 Defense 
   Defense                  Defense                                           Time % Phy DF OF 
 1 Dillon Heatherington     Devon Teows                                       40     1   2  2  
 2 Matt Grzelcyk            Jacob Larsson                                     30     1   2  2  
 3 Spencer Stastney         Samuel Bolduc                                     20     1   2  2  
 4 Dillon Heatherington     Devon Teows                                       10     1   2  2  

PowerPlay Forward 
   Center                   Left Wing                Right Wing               Time % Phy DF OF 
 1 Adam Brooks              Teemu Pulkkinen          Richard Nejezchleb       60     1   2  2  
 2 Ryan Fitzgerald          Vladimir Tkachev         Daniel Sprong            40     1   2  2  

PowerPlay Defense
   Defense                  Defense                                           Time % Phy DF OF 
 1 Dillon Heatherington     Devon Teows                                       60     1   2  2  
 2 Matt Grzelcyk            Jacob Larsson                                     40     1   2  2  

Penalty Kill 4 Players Forward 
   Center                   Wing                     Time % Phy DF OF 
 1 Teemu Pulkkinen          Adam Brooks              60     1   2  2  
 2 Ryan Fitzgerald          Richard Nejezchleb       40     1   2  2  

Penalty Kill 4 Players Defense
   Defense                  Defense                  Time % Phy DF OF 
 1 Dillon Heatherington     Devon Teows              60     1   2  2  
 2 Matt Grzelcyk            Jacob Larsson            40     1   2  2  

Penalty Kill - 3 Players Forward 
   Forward                                           Time % Phy DF OF 
 1 Teemu Pulkkinen                                   60     1   2  2  
 2 Adam Brooks                                       40     1   2  2  

Penalty Kill - 3 Players Defense
   Defense                  Defense                  Time % Phy DF OF 
 1 Dillon Heatherington     Devon Teows              60     1   2  2  
 2 Matt Grzelcyk            Jacob Larsson            40     1   2  2  

4 vs 4 Forward 
   Center                   Wing                     Time % Phy DF OF 
 1 Teemu Pulkkinen          Adam Brooks              60     1   2  2  
 2 Ryan Fitzgerald          Richard Nejezchleb       40     1   2  2  

4 vs 4 Defense
   Defense                  Defense                  Time % Phy DF OF 
 1 Dillon Heatherington     Devon Teows              60     1   2  2  
 2 Matt Grzelcyk            Jacob Larsson            40     1   2  2  

Last Minutes Offensive
   Center                   Left Wing                Right Wing               Defense                  Defense                  
   Adam Brooks              Teemu Pulkkinen          Richard Nejezchleb       Dillon Heatherington     Devon Teows              

Last Minutes Defensive
   Center                   Left Wing                Right Wing               Defense                  Defense                  
   Adam Brooks              Teemu Pulkkinen          Richard Nejezchleb       Dillon Heatherington     Devon Teows              

Goaltenders
Starting : Connor Hellebyuk         
Backup : Peyton Jones             

Extra Forwards
Normal : Maxim Mamin, Michael McCarron, Nathan Noel - PP : Maxim Mamin, Michael McCarron - PK : Nathan Noel
Extra Defensemen
Normal : Spencer Stastney, Samuel Bolduc, Matt Grzelcyk - PP : Spencer Stastney - PK : Samuel Bolduc, Matt Grzelcyk
Penalty Shots
Teemu Pulkkinen, Adam Brooks, Ryan Fitzgerald, Richard Nejezchleb, Vladimir Tkachev
Custom OT Lines Forwards
Teemu Pulkkinen, Adam Brooks, Ryan Fitzgerald, Richard Nejezchleb, Vladimir Tkachev, Michael McCarron, Nathan Noel, Maxim Mamin, Daniel Sprong, Alex Schoenborn
Custom OT Lines Defensemen
Dillon Heatherington, Devon Teows, Matt Grzelcyk, Jacob Larsson, Spencer Stastney

Scratches
Peyton Krebs (Healthy), Xavier Bouchard (Healthy), Dmitri Semykin (Healthy), Lauri Pajuniemi (Healthy), Anthony Romano (Healthy)
Austin Wong (Healthy), Christopher Paquette (Healthy), Gianni Fairbrother (Healthy), Daniel Bukac (Healthy), Felix Bibeau (Healthy)
Simon Holmstrom (Healthy)

Rockets

5 vs 5 Forward 
   Center                   Left Wing                Right Wing               Time % Phy DF OF 
 1 Jacob De La Rose         Brady Tkachuk            Patrik Laine             40     1   2  2  
 2 Michael McLeod           Andrei Svechnikov        Robert Thomas            40     1   2  2  
 3 Jake Evans               Alex Newhook             Cole Caufield            15     1   2  2  
 4 Tage Thompson            Nils Hoglander           Kirill Marchenko         5      1   2  2  

5 vs 5 Defense 
   Defense                  Defense                                           Time % Phy DF OF 
 1 Alexandre Carrier        Jacob Bryson                                      45     1   2  2  
 2 Jeff Corbett             Arber Xhekaj                                      35     1   2  2  
 3 Jayden Struble           Hunter Drew                                       10     1   2  2  
 4 Hunter Drew              Ville Heinola                                     10     1   2  2  

PowerPlay Forward 
   Center                   Left Wing                Right Wing               Time % Phy DF OF 
 1 Robert Thomas            Andrei Svechnikov        Patrik Laine             60     1   2  2  
 2 Michael McLeod           Alex Newhook             Cole Caufield            40     1   2  2  

PowerPlay Defense
   Defense                  Defense                                           Time % Phy DF OF 
 1 Alexandre Carrier        Brady Tkachuk                                     60     1   2  2  
 2 Jeff Corbett             Jacob Bryson                                      40     1   2  2  

Penalty Kill 4 Players Forward 
   Center                   Wing                     Time % Phy DF OF 
 1 Jacob De La Rose         Brady Tkachuk            60     1   2  2  
 2 Michael McLeod           Tage Thompson            40     1   2  2  

Penalty Kill 4 Players Defense
   Defense                  Defense                  Time % Phy DF OF 
 1 Alexandre Carrier        Jacob Bryson             60     1   2  2  
 2 Jeff Corbett             Arber Xhekaj             40     1   2  2  

Penalty Kill - 3 Players Forward 
   Forward                                           Time % Phy DF OF 
 1 Jacob De La Rose                                  60     1   2  2  
 2 Michael McLeod                                    40     1   2  2  

Penalty Kill - 3 Players Defense
   Defense                  Defense                  Time % Phy DF OF 
 1 Alexandre Carrier        Jacob Bryson             60     1   2  2  
 2 Jeff Corbett             Arber Xhekaj             40     1   2  2  

4 vs 4 Forward 
   Center                   Wing                     Time % Phy DF OF 
 1 Jacob De La Rose         Brady Tkachuk            60     1   2  2  
 2 Michael McLeod           Patrik Laine             40     1   2  2  

4 vs 4 Defense
   Defense                  Defense                  Time % Phy DF OF 
 1 Alexandre Carrier        Jacob Bryson             60     1   2  2  
 2 Jeff Corbett             Arber Xhekaj             40     1   2  2  

Last Minutes Offensive
   Center                   Left Wing                Right Wing               Defense                  Defense                  
   Andrei Svechnikov        Brady Tkachuk            Robert Thomas            Alexandre Carrier        Jacob Bryson             

Last Minutes Defensive
   Center                   Left Wing                Right Wing               Defense                  Defense                  
   Jacob De La Rose         Brady Tkachuk            Tage Thompson            Alexandre Carrier        Jeff Corbett             

Goaltenders
Starting : Marcus Hogberg           
Backup : Pyotr Kochetkov          

Extra Forwards
Normal : Jacob De La Rose, Michael McLeod, Jake Evans - PP : Jacob De La Rose, Jake Evans - PK : Jake Evans
Extra Defensemen
Normal : Alexandre Carrier, Jeff Corbett, Jacob Bryson - PP : Ville Heinola - PK : Jayden Struble, Hunter Drew
Penalty Shots
Andrei Svechnikov, Patrik Laine, Michael McLeod, Jacob De La Rose, Cole Caufield
Custom OT Lines Forwards
Jacob De La Rose, Brady Tkachuk, Michael McLeod, Patrik Laine, Robert Thomas, Andrei Svechnikov, Jake Evans, Nils Hoglander, Tage Thompson, Kirill Marchenko
Custom OT Lines Defensemen
Alexandre Carrier, Jeff Corbett, Jacob Bryson, Arber Xhekaj, Hunter Drew

Scratches
Eric Karlsson (Healthy), Grant Besse (Healthy), Kirby Dach (Healthy), Zach Stepan (Torn Right Knee Ligaments Injury), Michael Pezzetta (Healthy)
Joel Teasdale (Healthy), Zachary Gallant (Healthy), Joey Daccord (Healthy)

% Time on Ice - Americans

Lines # - Real PCT - Wanted PCT - Time Play
Normal Forward
1 - 31% - 40% - 13:42
2 - 33% - 30% - 14:52
3 - 26% - 20% - 11:34
4 - 11% - 10% - 4:45
Normal Defense
1 - 41% - 40% - 18:30
2 - 29% - 30% - 12:53
3 - 22% - 20% - 9:54
4 - 8% - 10% - 3:36
PP Forward
1 - 59% - 60% - 2:46
2 - 41% - 40% - 1:56
PP Defense
1 - 49% - 60% - 2:17
2 - 51% - 40% - 2:25
PK Forward
1 - 72% - 60% - 7:24
2 - 28% - 40% - 2:50
PK Defense
1 - 57% - 60% - 5:47
2 - 43% - 40% - 4:27
PK3 Forward
1 - 0% - 60%
2 - 0% - 40%
PK3 Defense
1 - 0% - 60%
2 - 0% - 40%
44 Forward
1 - 0% - 60%
2 - 0% - 40%
44 Defense
1 - 0% - 60%
2 - 0% - 40%
Last Minute Offensive  - 0:00
Last Minute Defensive  - 0:11
Total
Forward - 60:00
Defense - 60:00

% Time on Ice - Rockets

Lines # - Real PCT - Wanted PCT - Time Play
Normal Forward
1 - 33% - 40% - 14:51
2 - 35% - 40% - 15:40
3 - 19% - 15% - 8:37
4 - 13% - 5% - 5:45
Normal Defense
1 - 44% - 45% - 19:37
2 - 33% - 35% - 15:00
3 - 11% - 10% - 5:01
4 - 12% - 10% - 5:15
PP Forward
1 - 58% - 60% - 5:58
2 - 42% - 40% - 4:16
PP Defense
1 - 59% - 60% - 6:00
2 - 41% - 40% - 4:14
PK Forward
1 - 77% - 60% - 3:36
2 - 23% - 40% - 1:06
PK Defense
1 - 55% - 60% - 2:34
2 - 45% - 40% - 2:08
PK3 Forward
1 - 0% - 60%
2 - 0% - 40%
PK3 Defense
1 - 0% - 60%
2 - 0% - 40%
44 Forward
1 - 0% - 60%
2 - 0% - 40%
44 Defense
1 - 0% - 60%
2 - 0% - 40%
Last Minute Offensive  - 0:11
Last Minute Defensive  - 0:00
Total
Forward - 60:00
Defense - 60:00

Play-by-Play

1st period


0:01 of 1st period - Richard Nejezchleb wins face-off versus Jacob De La Rose in neutral zone.
0:10 of 1st period - Snap shot by Patrik Laine.
0:10 of 1st period - Shot Blocked by Devon Teows.
1:37 of 1st period - Snap shot by Patrik Laine.
1:37 of 1st period - Stopped by Connor Hellebyuk with a rebound.
1:39 of 1st period - Slapshot by Jacob Bryson.
1:39 of 1st period - Deflect By Patrik Laine.
1:39 of 1st period - Shot Hit the Post.
1:39 of 1st period - Puck is out of play.
1:40 of 1st period - Adam Brooks wins face-off versus Jacob De La Rose in Americans zone.
2:15 of 1st period - Wrist shot by Nils Hoglander.
2:15 of 1st period - Stopped by Connor Hellebyuk with a rebound.
2:29 of 1st period - Wrist shot by Jake Evans.
2:29 of 1st period - Stopped by Connor Hellebyuk without a rebound.
2:30 of 1st period - Alex Schoenborn wins face-off versus Alex Newhook in Americans zone.
2:30 of 1st period - Alex Schoenborn is hit by Jake Evans.
2:48 of 1st period - Snap shot by Cole Caufield.
2:48 of 1st period - Stopped by Connor Hellebyuk without a rebound.
2:49 of 1st period - Adam Brooks wins face-off versus Jacob De La Rose in Americans zone.
2:49 of 1st period - Adam Brooks is hit by Arber Xhekaj.
3:12 of 1st period - Icing by Jeff Corbett.
3:13 of 1st period - Jacob De La Rose wins face-off versus Ryan Fitzgerald in Rockets zone.
4:23 of 1st period - Slapshot by Michael McLeod.
4:23 of 1st period - Shot Misses the Net.
4:25 of 1st period - Wrist shot by Robert Thomas.
4:25 of 1st period - Shot Misses the Net.
4:27 of 1st period - Slapshot by Jacob Bryson.
4:27 of 1st period - Stopped by Connor Hellebyuk with a rebound.
4:33 of 1st period - Minor Penalty to Samuel Bolduc for Diving.
4:34 of 1st period - Robert Thomas wins face-off versus Teemu Pulkkinen in Americans zone.
5:55 of 1st period - Jacob Bryson is hit by Jacob Larsson and loses puck.
6:33 of 1st period - Penalty to Samuel Bolduc is over, Samuel Bolduc is back on ice.
6:43 of 1st period - John Leonard is hit by Tage Thompson and loses puck.
7:21 of 1st period - Wrist shot by Teemu Pulkkinen.
7:21 of 1st period - Stopped by Marcus Hogberg with a rebound.
7:33 of 1st period - Snap shot by Patrik Laine.
7:33 of 1st period - Stopped by Connor Hellebyuk without a rebound.
7:34 of 1st period - Tage Thompson wins face-off versus Michael McCarron in Americans zone.
7:44 of 1st period - Off-side.
7:45 of 1st period - Michael McLeod wins face-off versus Adam Brooks in neutral zone.
8:00 of 1st period - Snap shot by Richard Nejezchleb.
8:00 of 1st period - Deflect By Teemu Pulkkinen.
8:00 of 1st period - Stopped by Marcus Hogberg with a rebound.
8:17 of 1st period - Slapshot by Vladimir Tkachev.
8:17 of 1st period - Stopped by Marcus Hogberg with a rebound.
8:38 of 1st period - Minor Penalty to Arber Xhekaj for Tripping.
8:39 of 1st period - Adam Brooks wins face-off versus Jacob De La Rose in Rockets zone.
8:44 of 1st period - Snap shot by Richard Nejezchleb.
8:44 of 1st period - Stopped by Marcus Hogberg without a rebound.
8:45 of 1st period - Jacob De La Rose wins face-off versus Adam Brooks in Rockets zone.
10:36 of 1st period - Vladimir Tkachev is hit by Jake Evans and loses puck.
10:38 of 1st period - Penalty to Arber Xhekaj is over, Arber Xhekaj is back on ice.
11:25 of 1st period - Wrist shot by Nils Hoglander.
11:25 of 1st period - Stopped by Connor Hellebyuk with a rebound.
11:27 of 1st period - Slapshot by Jake Evans.
11:27 of 1st period - Shot Hit the Post.
11:29 of 1st period - Snap shot by Alex Newhook.
11:29 of 1st period - Shot Misses the Net.
11:31 of 1st period - Slapshot by Jeff Corbett.
11:31 of 1st period - Shot Blocked by Alex Schoenborn.
11:33 of 1st period - Wrist shot by Cole Caufield.
11:33 of 1st period - Shot Misses the Net.
11:45 of 1st period - Alex Schoenborn is hit by Patrik Laine.
12:50 of 1st period - Wrist shot by Brady Tkachuk.
12:50 of 1st period - Shot Blocked by Zachary Senyshyn.
12:52 of 1st period - Snap shot by Jacob De La Rose.
12:52 of 1st period - Stopped by Connor Hellebyuk without a rebound.
12:53 of 1st period - Jacob De La Rose wins face-off versus Ryan Fitzgerald in Americans zone.
13:18 of 1st period - Jacob Larsson is hit by Robert Thomas.
14:38 of 1st period - Minor Penalty to Michael McCarron for Hooking.
14:39 of 1st period - Robert Thomas wins face-off versus Teemu Pulkkinen in Americans zone.
14:47 of 1st period - Snap shot by Patrik Laine.
14:47 of 1st period - Goal by Patrik Laine - Americans : 0 - Rockets : 1.
14:48 of 1st period - Michael McLeod wins face-off versus Adam Brooks in neutral zone.
14:51 of 1st period - Wrist shot by Jeff Corbett.
14:51 of 1st period - Shot Blocked by Adam Brooks.
14:53 of 1st period - Slapshot by Andrei Svechnikov.
14:53 of 1st period - Shot Misses the Net.
14:55 of 1st period - Wrist shot by Michael McLeod.
14:55 of 1st period - Stopped by Connor Hellebyuk without a rebound.
14:56 of 1st period - Adam Brooks wins face-off versus Michael McLeod in Americans zone.
15:03 of 1st period - Slapshot by Jeff Corbett.
15:03 of 1st period - Stopped by Connor Hellebyuk with a rebound.
15:05 of 1st period - Snap shot by Michael McLeod.
15:05 of 1st period - Shot Misses the Net.
15:48 of 1st period - Slapshot by Jake Evans.
15:48 of 1st period - Shot Misses the Net.
15:54 of 1st period - Wrist shot by Alex Newhook.
15:54 of 1st period - Deflect By Cole Caufield.
15:54 of 1st period - Stopped by Connor Hellebyuk with a rebound.
16:08 of 1st period - Slapshot by Adam Brooks.
16:08 of 1st period - Goal by Adam Brooks - Americans : 1 - Rockets : 1.
16:09 of 1st period - Jacob De La Rose wins face-off versus Adam Brooks in neutral zone.
16:25 of 1st period - Alexandre Carrier is hit by Teemu Pulkkinen and loses puck.
16:57 of 1st period - Wrist shot by Michael McLeod.
16:57 of 1st period - Stopped by Connor Hellebyuk with a rebound.
17:38 of 1st period - Snap shot by Vladimir Tkachev.
17:38 of 1st period - Stopped by Marcus Hogberg without a rebound.
17:39 of 1st period - Ryan Fitzgerald wins face-off versus Andrei Svechnikov in Rockets zone.
18:01 of 1st period - Slapshot by Alexandre Carrier.
18:01 of 1st period - Shot Misses the Net.
18:03 of 1st period - Snap shot by Andrei Svechnikov.
18:03 of 1st period - Shot Blocked by Vladimir Tkachev.
18:05 of 1st period - Slapshot by Robert Thomas.
18:05 of 1st period - Shot Misses the Net.
18:07 of 1st period - Snap shot by Michael McLeod.
18:07 of 1st period - Shot Misses the Net.
18:09 of 1st period - Snap shot by Andrei Svechnikov.
18:09 of 1st period - Stopped by Connor Hellebyuk without a rebound.
18:10 of 1st period - Adam Brooks wins face-off versus Jacob De La Rose in Americans zone.
18:15 of 1st period - Snap shot by Brady Tkachuk.
18:15 of 1st period - Stopped by Connor Hellebyuk without a rebound.
18:16 of 1st period - Jacob De La Rose wins face-off versus Teemu Pulkkinen in Americans zone.
18:20 of 1st period - Minor Penalty to Teemu Pulkkinen for Cross-checking.
18:21 of 1st period - Nathan Noel wins face-off versus Robert Thomas in Americans zone.
18:21 of 1st period - Nathan Noel is hit by Andrei Svechnikov.
18:26 of 1st period - Snap shot by Andrei Svechnikov.
18:26 of 1st period - Deflect By Robert Thomas.
18:26 of 1st period - Stopped by Connor Hellebyuk with a rebound.
18:28 of 1st period - Backhand shot by Brady Tkachuk.
18:28 of 1st period - Deflect By Andrei Svechnikov.
18:28 of 1st period - Shot Misses the Net.
18:28 of 1st period - Puck is out of play.
18:29 of 1st period - Robert Thomas wins face-off versus Nathan Noel in Americans zone.
18:58 of 1st period - Slapshot by Alexandre Carrier.
18:58 of 1st period - Stopped by Connor Hellebyuk with a rebound.
19:00 of 1st period - Slapshot by Alexandre Carrier.
19:00 of 1st period - Stopped by Connor Hellebyuk with a rebound.
19:02 of 1st period - Slapshot by Brady Tkachuk.
19:02 of 1st period - Stopped by Connor Hellebyuk with a rebound.
19:04 of 1st period - Wrist shot by Cole Caufield.
19:04 of 1st period - Shot Misses the Net.
Goals for this period are 1 for Americans vs 1 for Rockets.
Shots for this period are 6 for Americans vs 19 for Rockets.

2nd period


0:01 of 2nd period - Robert Thomas wins face-off versus Nathan Noel in neutral zone.
0:20 of 2nd period - Penalty to Teemu Pulkkinen is over, Teemu Pulkkinen is back on ice.
0:37 of 2nd period - Slapshot by Brady Tkachuk.
0:37 of 2nd period - Stopped by Connor Hellebyuk with a rebound.
0:47 of 2nd period - Arber Xhekaj is hit by Matt Grzelcyk.
1:29 of 2nd period - Icing by Adam Brooks.
1:30 of 2nd period - Jacob De La Rose wins face-off versus Teemu Pulkkinen in Americans zone.
2:01 of 2nd period - Daniel Sprong is hit by Jacob Bryson and loses puck.
2:20 of 2nd period - Snap shot by John Leonard.
2:20 of 2nd period - Stopped by Marcus Hogberg with a rebound.
2:34 of 2nd period - Zachary Senyshyn is hit by Jeff Corbett and loses puck.
2:49 of 2nd period - Minor Penalty to Brady Tkachuk for High sticking.
2:50 of 2nd period - Adam Brooks wins face-off versus Jacob De La Rose in Rockets zone.
2:57 of 2nd period - Wrist shot by Richard Nejezchleb.
2:57 of 2nd period - Shot Blocked by Jacob Bryson.
2:59 of 2nd period - Wrist shot by Richard Nejezchleb.
2:59 of 2nd period - Goal by Richard Nejezchleb - Americans : 2 - Rockets : 1.
3:00 of 2nd period - Jacob De La Rose wins face-off versus Adam Brooks in neutral zone.
3:02 of 2nd period - Off-side.
3:03 of 2nd period - Brady Tkachuk wins face-off versus Richard Nejezchleb in neutral zone.
3:15 of 2nd period - Jacob De La Rose is hit by Dillon Heatherington and loses puck.
3:34 of 2nd period - Wrist shot by Andrei Svechnikov.
3:34 of 2nd period - Shot Misses the Net.
3:36 of 2nd period - Slapshot by Alexandre Carrier.
3:36 of 2nd period - Deflect By Robert Thomas.
3:36 of 2nd period - Stopped by Connor Hellebyuk without a rebound.
3:37 of 2nd period - Michael McLeod wins face-off versus Adam Brooks in Americans zone.
3:45 of 2nd period - Off-side.
3:46 of 2nd period - Adam Brooks wins face-off versus Michael McLeod in neutral zone.
4:04 of 2nd period - Snap shot by Michael McLeod.
4:04 of 2nd period - Stopped by Connor Hellebyuk with a rebound.
4:06 of 2nd period - Wrist shot by Michael McLeod.
4:06 of 2nd period - Stopped by Connor Hellebyuk without a rebound.
4:07 of 2nd period - Ryan Fitzgerald wins face-off versus Jacob De La Rose in Americans zone.
4:18 of 2nd period - Snap shot by Vladimir Tkachev.
4:18 of 2nd period - Stopped by Marcus Hogberg with a rebound.
4:38 of 2nd period - Snap shot by Alex Newhook.
4:38 of 2nd period - Goal by Alex Newhook - Americans : 2 - Rockets : 2.
4:39 of 2nd period - Adam Brooks wins face-off versus Jacob De La Rose in neutral zone.
4:48 of 2nd period - Wrist shot by Adam Brooks.
4:48 of 2nd period - Stopped by Marcus Hogberg without a rebound.
4:49 of 2nd period - Jacob De La Rose wins face-off versus Adam Brooks in Rockets zone.
4:59 of 2nd period - Icing by Teemu Pulkkinen.
5:00 of 2nd period - Michael McLeod wins face-off versus Adam Brooks in Americans zone.
5:54 of 2nd period - Snap shot by Cole Caufield.
5:54 of 2nd period - Shot Misses the Net.
6:15 of 2nd period - Snap shot by Michael McCarron.
6:15 of 2nd period - Shot Misses the Net.
6:37 of 2nd period - Patrik Laine is hit by Ryan Fitzgerald and loses puck.
7:22 of 2nd period - Snap shot by Richard Nejezchleb.
7:22 of 2nd period - Stopped by Marcus Hogberg without a rebound.
7:23 of 2nd period - Ryan Fitzgerald wins face-off versus Michael McLeod in Rockets zone.
7:24 of 2nd period - Wrist shot by Vladimir Tkachev.
7:24 of 2nd period - Deflect By Andrei Svechnikov.
7:24 of 2nd period - Stopped by Marcus Hogberg without a rebound.
7:25 of 2nd period - Michael McLeod wins face-off versus Ryan Fitzgerald in Rockets zone.
8:28 of 2nd period - Minor Penalty to Adam Brooks for Hooking.
8:29 of 2nd period - Andrei Svechnikov wins face-off versus Teemu Pulkkinen in Americans zone.
8:56 of 2nd period - Cole Caufield is hit by Teemu Pulkkinen and loses puck.
9:26 of 2nd period - Jacob Bryson is hit by Devon Teows and loses puck.
10:27 of 2nd period - Jeff Corbett is hit by Jacob Larsson and loses puck.
10:28 of 2nd period - Penalty to Adam Brooks is over, Adam Brooks is back on ice.
10:58 of 2nd period - Brady Tkachuk is hit by Alex Schoenborn and loses puck.
11:21 of 2nd period - Samuel Bolduc is hit by Kirill Marchenko and loses puck.
11:38 of 2nd period - Hunter Drew is hit by Vladimir Tkachev and loses puck.
13:02 of 2nd period - Kirill Marchenko is hit by Alex Schoenborn and loses puck.
13:47 of 2nd period - Icing by Arber Xhekaj.
13:48 of 2nd period - Jake Evans wins face-off versus Nathan Noel in Rockets zone.
13:53 of 2nd period - Slapshot by Jeff Corbett.
13:53 of 2nd period - Deflect By Patrik Laine.
13:53 of 2nd period - Shot Misses the Net.
13:53 of 2nd period - Puck is out of play.
13:54 of 2nd period - Jacob De La Rose wins face-off versus Nathan Noel in Americans zone.
13:57 of 2nd period - Snap shot by Patrik Laine.
13:57 of 2nd period - Stopped by Connor Hellebyuk without a rebound.
13:58 of 2nd period - Adam Brooks wins face-off versus Jacob De La Rose in Americans zone.
13:58 of 2nd period - Adam Brooks is hit by Brady Tkachuk.
14:14 of 2nd period - Wrist shot by Teemu Pulkkinen.
14:14 of 2nd period - Deflect By Adam Brooks.
14:14 of 2nd period - Stopped by Marcus Hogberg with a rebound.
14:27 of 2nd period - Wrist shot by Teemu Pulkkinen.
14:27 of 2nd period - Stopped by Marcus Hogberg with a rebound.
15:01 of 2nd period - Snap shot by Teemu Pulkkinen.
15:01 of 2nd period - Stopped by Marcus Hogberg with a rebound.
15:25 of 2nd period - Snap shot by Brady Tkachuk.
15:25 of 2nd period - Deflect By Jacob De La Rose.
15:25 of 2nd period - Shot Misses the Net.
15:25 of 2nd period - Puck is out of play.
15:26 of 2nd period - Michael McLeod wins face-off versus Ryan Fitzgerald in Americans zone.
15:33 of 2nd period - Wrist shot by Michael McLeod.
15:33 of 2nd period - Stopped by Connor Hellebyuk with a rebound.
15:35 of 2nd period - Snap shot by Robert Thomas.
15:35 of 2nd period - Shot Misses the Net.
15:37 of 2nd period - Snap shot by Andrei Svechnikov.
15:37 of 2nd period - Rockets goal is going for a video replay.
15:37 of 2nd period - The goal is refused. The attacking player has interfered with a goalkeeper in his goal crease..
15:38 of 2nd period - Ryan Fitzgerald wins face-off versus Michael McLeod in Americans zone.
15:52 of 2nd period - Snap shot by Robert Thomas.
15:52 of 2nd period - Deflect By Michael McLeod.
15:52 of 2nd period - Stopped by Connor Hellebyuk with a rebound.
15:54 of 2nd period - Snap shot by Robert Thomas.
15:54 of 2nd period - Stopped by Connor Hellebyuk with a rebound.
16:04 of 2nd period - Arber Xhekaj is hit by John Leonard and loses puck.
16:24 of 2nd period - Icing by Michael McCarron.
16:25 of 2nd period - Michael McCarron wins face-off versus Tage Thompson in Americans zone.
16:30 of 2nd period - Slapshot by Tage Thompson.
16:30 of 2nd period - Stopped by Connor Hellebyuk without a rebound.
16:31 of 2nd period - Tage Thompson wins face-off versus Ryan Fitzgerald in Americans zone.
16:34 of 2nd period - Wrist shot by Nils Hoglander.
16:34 of 2nd period - Shot Misses the Net.
16:37 of 2nd period - Icing by Vladimir Tkachev.
16:38 of 2nd period - Michael McLeod wins face-off versus Ryan Fitzgerald in Americans zone.
16:39 of 2nd period - Wrist shot by Andrei Svechnikov.
16:39 of 2nd period - Shot Blocked by Devon Teows.
16:55 of 2nd period - Snap shot by Vladimir Tkachev.
16:55 of 2nd period - Stopped by Marcus Hogberg with a rebound.
16:59 of 2nd period - Snap shot by Ryan Fitzgerald.
16:59 of 2nd period - Stopped by Marcus Hogberg with a rebound.
17:08 of 2nd period - Dillon Heatherington is hit by Jacob Bryson and loses puck.
18:29 of 2nd period - Slapshot by Ryan Fitzgerald.
18:29 of 2nd period - Shot Misses the Net.
18:31 of 2nd period - Wrist shot by Daniel Sprong.
18:31 of 2nd period - Stopped by Marcus Hogberg with a rebound.
19:08 of 2nd period - Snap shot by Vladimir Tkachev.
19:08 of 2nd period - Shot Misses the Net.
19:10 of 2nd period - Snap shot by Vladimir Tkachev.
19:10 of 2nd period - Shot Misses the Net.
19:14 of 2nd period - Wrist shot by Vladimir Tkachev.
19:14 of 2nd period - Stopped by Marcus Hogberg without a rebound.
19:15 of 2nd period - Jacob De La Rose wins face-off versus Adam Brooks in Rockets zone.
19:24 of 2nd period - Slapshot by Patrik Laine.
19:24 of 2nd period - Stopped by Connor Hellebyuk with a rebound.
Goals for this period are 1 for Americans vs 1 for Rockets.
Shots for this period are 13 for Americans vs 12 for Rockets.

3rd period


0:01 of 3rd period - Jacob De La Rose wins face-off versus Richard Nejezchleb in neutral zone.
0:31 of 3rd period - Robert Thomas is hit by Vladimir Tkachev and loses puck.
0:45 of 3rd period - Off-side.
0:46 of 3rd period - Jake Evans wins face-off versus Michael McCarron in neutral zone.
0:57 of 3rd period - Snap shot by Alex Newhook.
0:57 of 3rd period - Stopped by Connor Hellebyuk with a rebound.
0:59 of 3rd period - Snap shot by Cole Caufield.
0:59 of 3rd period - Shot Blocked by Michael McCarron.
1:01 of 3rd period - Snap shot by Alex Newhook.
1:01 of 3rd period - Deflect By Jake Evans.
1:01 of 3rd period - Stopped by Connor Hellebyuk with a rebound.
1:13 of 3rd period - Jeff Corbett is hit by Teemu Pulkkinen and loses puck.
1:24 of 3rd period - Brady Tkachuk is hit by Teemu Pulkkinen and loses puck.
1:37 of 3rd period - Slapshot by Patrik Laine.
1:37 of 3rd period - Stopped by Connor Hellebyuk without a rebound.
1:38 of 3rd period - Ryan Fitzgerald wins face-off versus Michael McLeod in Americans zone.
2:03 of 3rd period - Michael McLeod is hit by Alex Schoenborn and loses puck.
2:10 of 3rd period - John Leonard is hit by Michael McLeod and loses puck.
2:29 of 3rd period - Teemu Pulkkinen is hit by Alex Newhook and loses puck.
2:53 of 3rd period - Off-side.
2:54 of 3rd period - Daniel Sprong wins face-off versus Jacob De La Rose in neutral zone.
2:57 of 3rd period - Wrist shot by Ryan Fitzgerald.
2:57 of 3rd period - Shot Misses the Net.
3:34 of 3rd period - Snap shot by Alex Schoenborn.
3:34 of 3rd period - Stopped by Marcus Hogberg with a rebound.
3:40 of 3rd period - Minor Penalty to Arber Xhekaj for Interference.
3:41 of 3rd period - Adam Brooks wins face-off versus Jacob De La Rose in Rockets zone.
3:48 of 3rd period - Snap shot by Teemu Pulkkinen.
3:48 of 3rd period - Shot Misses the Net.
4:12 of 3rd period - Slapshot by Matt Grzelcyk.
4:12 of 3rd period - Shot Misses the Net.
4:14 of 3rd period - Snap shot by Daniel Sprong.
4:14 of 3rd period - Goal by Daniel Sprong - Americans : 3 - Rockets : 2.
4:15 of 3rd period - Michael McLeod wins face-off versus Adam Brooks in neutral zone.
4:17 of 3rd period - Off-side.
4:18 of 3rd period - Adam Brooks wins face-off versus Michael McLeod in neutral zone.
5:27 of 3rd period - Slapshot by Devon Teows.
5:27 of 3rd period - Stopped by Marcus Hogberg with a rebound.
5:49 of 3rd period - Wrist shot by Michael McLeod.
5:49 of 3rd period - Stopped by Connor Hellebyuk with a rebound.
5:51 of 3rd period - Wrist shot by Andrei Svechnikov.
5:51 of 3rd period - Shot Misses the Net.
5:53 of 3rd period - Slapshot by Hunter Drew.
5:53 of 3rd period - Stopped by Connor Hellebyuk with a rebound.
5:55 of 3rd period - Snap shot by Michael McLeod.
5:55 of 3rd period - Stopped by Connor Hellebyuk without a rebound.
5:56 of 3rd period - Jacob De La Rose wins face-off versus Ryan Fitzgerald in Americans zone.
6:07 of 3rd period - Snap shot by Daniel Sprong.
6:07 of 3rd period - Stopped by Marcus Hogberg with a rebound.
6:09 of 3rd period - Wrist shot by Vladimir Tkachev.
6:09 of 3rd period - Shot Blocked by Jacob De La Rose.
6:11 of 3rd period - Wrist shot by Ryan Fitzgerald.
6:11 of 3rd period - Shot Blocked by Brady Tkachuk.
6:21 of 3rd period - Jacob De La Rose is hit by Jacob Larsson and loses puck.
6:26 of 3rd period - Wrist shot by Teemu Pulkkinen.
6:26 of 3rd period - Shot Misses the Net.
6:28 of 3rd period - Slapshot by Spencer Stastney.
6:28 of 3rd period - Shot Misses the Net.
6:38 of 3rd period - Alex Schoenborn is hit by Andrei Svechnikov.
7:13 of 3rd period - Minor Penalty to Arber Xhekaj for Interference.
7:14 of 3rd period - Adam Brooks wins face-off versus Jacob De La Rose in Rockets zone.
7:19 of 3rd period - Snap shot by Teemu Pulkkinen.
7:19 of 3rd period - Shot Misses the Net.
7:21 of 3rd period - Backhand shot by Jacob Larsson.
7:21 of 3rd period - Shot Misses the Net.
7:39 of 3rd period - Jacob Bryson is hit by Daniel Sprong and loses puck.
8:42 of 3rd period - Jake Evans is hit by Ryan Fitzgerald and loses puck.
9:07 of 3rd period - Snap shot by Michael McLeod.
9:07 of 3rd period - Shot Blocked by Dillon Heatherington.
9:13 of 3rd period - Penalty to Arber Xhekaj is over, Arber Xhekaj is back on ice.
9:36 of 3rd period - Kirill Marchenko is hit by Dillon Heatherington.
9:40 of 3rd period - Nathan Noel is hit by Alexandre Carrier and loses puck.
9:53 of 3rd period - Dillon Heatherington is hit by Cole Caufield and loses puck.
11:14 of 3rd period - Icing by Jake Evans.
11:15 of 3rd period - Michael McLeod wins face-off versus Adam Brooks in Rockets zone.
11:45 of 3rd period - Wrist shot by Brady Tkachuk.
11:45 of 3rd period - Stopped by Connor Hellebyuk without a rebound.
11:46 of 3rd period - Jacob De La Rose wins face-off versus Adam Brooks in Americans zone.
11:47 of 3rd period - Slapshot by Patrik Laine.
11:47 of 3rd period - Shot Blocked by Samuel Bolduc.
12:11 of 3rd period - Samuel Bolduc is hit by Robert Thomas.
12:31 of 3rd period - Jacob Larsson is hit by Jake Evans and loses puck.
12:50 of 3rd period - Minor Penalty to John Leonard for Tripping.
12:51 of 3rd period - Robert Thomas wins face-off versus Teemu Pulkkinen in Americans zone.
13:24 of 3rd period - Alexandre Carrier is hit by Dillon Heatherington and loses puck.
13:33 of 3rd period - Dillon Heatherington is hit by Cole Caufield and loses puck.
14:50 of 3rd period - Penalty to John Leonard is over, John Leonard is back on ice.
15:04 of 3rd period - Wrist shot by John Leonard.
15:04 of 3rd period - Shot Blocked by Kirill Marchenko.
15:06 of 3rd period - Slapshot by Nathan Noel.
15:06 of 3rd period - Shot Misses the Net.
15:08 of 3rd period - Wrist shot by Spencer Stastney.
15:08 of 3rd period - Stopped by Marcus Hogberg with a rebound.
15:10 of 3rd period - Snap shot by John Leonard.
15:10 of 3rd period - Stopped by Marcus Hogberg without a rebound.
15:11 of 3rd period - Ryan Fitzgerald wins face-off versus Michael McLeod in Rockets zone.
15:36 of 3rd period - Hunter Drew is hit by Michael McCarron and loses puck.
15:50 of 3rd period - Off-side.
15:51 of 3rd period - Ryan Fitzgerald wins face-off versus Jacob De La Rose in neutral zone.
15:54 of 3rd period - Snap shot by Vladimir Tkachev.
15:54 of 3rd period - Stopped by Marcus Hogberg with a rebound.
16:06 of 3rd period - Slapshot by Vladimir Tkachev.
16:06 of 3rd period - Goal by Vladimir Tkachev - Americans : 4 - Rockets : 2.
16:07 of 3rd period - Robert Thomas wins face-off versus Adam Brooks in neutral zone.
16:14 of 3rd period - Snap shot by Michael McLeod.
16:14 of 3rd period - Goal by Michael McLeod - Americans : 4 - Rockets : 3.
16:15 of 3rd period - Jacob De La Rose wins face-off versus Adam Brooks in neutral zone.
16:24 of 3rd period - Slapshot by Patrik Laine.
16:24 of 3rd period - Stopped by Connor Hellebyuk with a rebound.
16:26 of 3rd period - Snap shot by Brady Tkachuk.
16:26 of 3rd period - Shot Misses the Net.
16:28 of 3rd period - Snap shot by Jacob De La Rose.
16:28 of 3rd period - Stopped by Connor Hellebyuk with a rebound.
16:30 of 3rd period - Wrist shot by Brady Tkachuk.
16:30 of 3rd period - Stopped by Connor Hellebyuk with a rebound.
16:46 of 3rd period - Snap shot by Michael McLeod.
16:46 of 3rd period - Shot Misses the Net.
16:51 of 3rd period - Icing by Devon Teows.
16:52 of 3rd period - Jacob De La Rose wins face-off versus Michael McCarron in Americans zone.
17:07 of 3rd period - Snap shot by Patrik Laine.
17:07 of 3rd period - Shot Misses the Net.
17:13 of 3rd period - Minor Penalty to Devon Teows for Hooking.
17:14 of 3rd period - Adam Brooks wins face-off versus Robert Thomas in Americans zone.
17:23 of 3rd period - Wrist shot by Teemu Pulkkinen.
17:23 of 3rd period - Stopped by Marcus Hogberg with a rebound.
18:32 of 3rd period - Icing by Robert Thomas.
18:33 of 3rd period - Robert Thomas wins face-off versus Ryan Fitzgerald in Rockets zone.
18:46 of 3rd period - Rockets, Marcus Hogberg is pulled from the net.
19:13 of 3rd period - Penalty to Devon Teows is over, Devon Teows is back on ice.
19:16 of 3rd period - Brady Tkachuk is hit by Teemu Pulkkinen and loses puck.
19:21 of 3rd period - Snap shot by Adam Brooks.
19:21 of 3rd period - Shot Misses the Net.
19:23 of 3rd period - Wrist shot by Maxim Mamin.
19:23 of 3rd period - Goal by Maxim Mamin - Americans : 5 - Rockets : 3.
19:23 of 3rd period - Marcus Hogberg from Rockets was sent back in the game.
19:24 of 3rd period - Jake Evans wins face-off versus Nathan Noel in neutral zone.
19:31 of 3rd period - Slapshot by Jacob Bryson.
19:31 of 3rd period - Deflect By Matt Grzelcyk.
19:31 of 3rd period - Stopped by Connor Hellebyuk with a rebound.
19:39 of 3rd period - Snap shot by Jake Evans.
19:39 of 3rd period - Stopped by Connor Hellebyuk without a rebound.
19:40 of 3rd period - Michael McCarron wins face-off versus Michael McLeod in Americans zone.
19:40 of 3rd period - Michael McCarron is hit by Alexandre Carrier.
19:49 of 3rd period - Minor Penalty to Alex Schoenborn for Roughing.
19:50 of 3rd period - Robert Thomas wins face-off versus Teemu Pulkkinen in Americans zone.
Goals for this period are 3 for Americans vs 1 for Rockets.
Shots for this period are 10 for Americans vs 13 for Rockets.